 Dungeon Crawl Stone Soup version 0.26.1-11-gd32895ea62 (webtiles) character file.

Game seed: 10921357891809957443

970 jlumianski the Grasshopper (level 8, -1/63 HPs)
             Began as a Gnoll Warper on May 1, 2021.
             Slain by a gnoll sergeant
             ... wielding a +2 spear of venom
              (2 damage)
             ... on level 6 of the Dungeon.
             The game lasted 00:29:00 (5177 turns).

jlumianski the Grasshopper (Gnoll Warper)           Turns: 5177, Time: 00:29:00

Health: -1/63      AC: 14    Str: 14    XL:     8   Next: 16%
Magic:  8/16       EV: 18    Int: 17    God:
Gold:   235        SH:  0    Dex: 15    Spells: 13/18 levels left

rFire    . . .     SeeInvis +   Q - +14 obsidian axe {vorpal, +Fly SInv *Curse} (curse)
rCold    . . .     Faith    +   (no shield)
rNeg     . . .     Spirit   .   u - +0 ring mail
rPois    .         Reflect  .   D - +0 helmet
rElec    .         Harm     .   I - scarf {repulsion}
rCorr    .         Rampage  .   x - +2 pair of gloves
Will     .....                  (no boots)
Stlth    ++........             c - amulet of faith
HPRegen  0.20/turn              f - +4 ring of evasion
MPRegen  0.15/turn              J - +4 ring of protection

@: lethally poisoned (-1 -> -33), mesmerised, repel missiles
A: distributed training, fangs 1, strong nose
a: Evoke Flight


You were on level 6 of the Dungeon.
You visited 1 branch of the dungeon, and saw 6 of its levels.

You collected 235 gold pieces.

Inventory:

Hand Weapons
 a - a +0 hand axe
 j - a +2 dagger of draining
 y - a +0 war axe
 E - a +0 dagger of venom
 F - a +2 hunting sling of flaming
 Q - the cursed +14 obsidian axe (weapon) {vorpal, +Fly SInv *Curse}
   (You found it on level 5 of the Dungeon)

   It inflicts extra damage upon your enemies.
   It lets you see invisible.
   It lets you fly.
   It curses itself when equipped.
   It has a curse placed upon it.
Missiles
 e - 5 boomerangs of dispersal
 n - 224 stones
 A - 12 boomerangs
 B - 7 atropa-tipped darts (quivered)
 L - 11 poisoned darts
 P - 12 sling bullets
Armour
 b - a +1 leather armour
 u - a +0 ring mail (worn)
 v - a +0 ring mail
 x - a +2 pair of gloves (worn)
 C - a +0 buckler
 D - a +0 helmet (worn)
 G - a cursed +0 pair of gloves
 I - a scarf of repulsion (worn)
Jewellery
 c - an amulet of faith (around neck)
 f - a +4 ring of evasion (left hand)
 J - a +4 ring of protection (right hand)
 K - a -4 ring of protection
Wands
 H - a wand of polymorph (5)
 M - a wand of iceblast (1)
Scrolls
 d - a scroll of blinking
 g - 6 scrolls of remove curse
 h - a scroll of amnesia {unknown}
 i - a scroll of random uselessness {unknown}
 k - a scroll of noise {unknown}
 l - a scroll of enchant weapon {unknown}
 q - 3 scrolls of identify {unknown}
 r - a scroll of immolation {unknown}
 w - 3 scrolls of teleportation {unknown}
 z - 3 scrolls of fog {unknown}
Potions
 m - a potion of curing
 o - 2 potions of attraction {unknown}
 p - a potion of heal wounds
 s - a potion of haste {unknown}
 t - 3 potions of might {unknown}
 N - a potion of ambrosia {unknown}
 O - a potion of mutation {unknown}


   Skills:
 + Level 5.5 Fighting
 + Level 3.0 Short Blades
 + Level 3.0 Long Blades
 + Level 5.5 Axes
 + Level 3.0 Maces & Flails
 + Level 3.0 Polearms
 + Level 3.0 Staves
 + Level 3.0 Slings
 + Level 3.0 Bows
 + Level 3.0 Crossbows
 + Level 4.0 Throwing
 + Level 4.0 Armour
 + Level 5.5 Dodging
 + Level 3.0 Stealth
 + Level 3.0 Shields
 + Level 3.0 Unarmed Combat
 + Level 5.9 Spellcasting
 + Level 2.4 Conjurations
 + Level 2.4 Hexes
 + Level 2.4 Summonings
 + Level 2.4 Necromancy
 + Level 6.0 Translocations
 + Level 2.4 Transmutations
 + Level 2.4 Fire Magic
 + Level 2.4 Ice Magic
 + Level 2.4 Air Magic
 + Level 2.4 Earth Magic
 + Level 2.4 Poison Magic
 + Level 3.3 Invocations
 + Level 3.0 Evocations


You had 13 spell levels left.
You knew the following spells:

 Your Spells              Type           Power        Failure   Level
a - Blink                 Tloc           N/A          3%          2
b - Gell's Gravitas       Tloc           12%          6%          3

Your spell library contained the following spells:

 Spells                   Type           Power        Failure   Level
 Lesser Beckoning         Tloc           12%          6%          3
 Teleport Other           Tloc           25%          6%          3
 Passage of Golubria      Tloc           N/A          21%         4


Dungeon Overview and Level Annotations

Branches:
Dungeon (6/15)
 Temple: D:4-7

Altars:
Elyvilon
Gozag
Kikubaaqudgha

Shops:
D:5 =


Innate Abilities, Weirdness & Mutations

Your experience applies equally to all skills.
You have very sharp teeth.
Your uncanny sense of smell can sniff out nearby items.


Message History

You feel very sick. The gnoll sergeant barely misses you.
The wight completely misses you.
Visions of slaying the gnoll sergeant flood into your mind.
* * * LOW HITPOINT WARNING * * *
You feel very sick.
The gnoll hits you from afar with a +0 halberd!
* * * LOW HITPOINT WARNING * * *
The gnoll misses you. The gnoll sergeant misses you.
Found an escape hatch in the ceiling and an escape hatch in the floor.
You barely miss the gnoll sergeant. Your bite misses the gnoll sergeant.
The gnoll sergeant is lightly wounded.
You slash the wight!
You destroy the wight!
You slash the gnoll!
You kill the gnoll!
* * * LOW HITPOINT WARNING * * *
You feel very sick. The gnoll misses you.
The gnoll sergeant closely misses you.
The gnoll sergeant hits you with a +2 spear of venom.
You die...

...........#### ...
............).###..# #.
..............[#..## ...
.....###...........#...
###..#####.........#.##.
#.......##..............
#...............)g......
#.........†.....)g......
................@g......
........##..............
........................
...............(.$......
..........#..##........<
......###.#.....##.....#
......# #.......# ...!..
#.....# #...###. ..>...


You could see a gnoll sergeant (mesmerising) and 2 gnolls.

Vanquished Creatures
  Eustachio (D:5)
  A sky beast (D:6)
  A necrophage (D:3)
  A water moccasin skeleton (D:4)
  4 wights (D:6)
  2 hounds (D:4)
  2 orc wizards
  2 centaur skeletons
  Ijyb (D:4)
  Natasha (twice) (D:2)
  A worker ant (D:6)
  Robin (D:4)
  6 adders
  3 gnolls (D:6)
  A shadow imp (D:5)
  An ooze (D:2)
  2 worms (D:2)
  3 dart slugs
  3 leopard geckos
  20 orcs
  9 bats
  5 giant cockroaches
  16 goblins
  8 hobgoblins
  2 jackals (D:4)
  2 quokkas
  A ball python skeleton (D:5)
  5 frilled lizards
  3 kobolds
  5 rats
114 creatures vanquished.

Vanquished Creatures (others)
  A leopard gecko (D:3)
  A rat (D:3)
2 creatures vanquished.

Grand Total: 116 creatures vanquished

Notes
Turn   | Place    | Note
-------+----------+-------------------------------------------
     0 | D:1      | jlumianski the Gnoll Warper began the quest for the Orb.
     0 | D:1      | Reached XP level 1. HP: 20/20 MP: 6/6
   141 | D:1      | Reached XP level 2. HP: 24/26 MP: 7/7
   193 | D:1      | Learned a level 2 spell: Blink
   643 | D:1      | Reached XP level 3. HP: 31/31 MP: 9/9
   647 | D:1      | Learned a level 3 spell: Gell's Gravitas
   836 | D:1      | Reached skill level 5 in Spellcasting
  1424 | D:2      | Reached skill level 1 in Invocations
  1537 | D:2      | Noticed Natasha
  1543 | D:2      | Killed Natasha
  1544 | D:2      | Reached skill level 1 in Short Blades
  1544 | D:2      | Reached skill level 1 in Long Blades
  1544 | D:2      | Reached skill level 1 in Maces & Flails
  1544 | D:2      | Reached skill level 1 in Polearms
  1544 | D:2      | Reached skill level 1 in Staves
  1544 | D:2      | Reached skill level 1 in Slings
  1544 | D:2      | Reached skill level 1 in Bows
  1544 | D:2      | Reached skill level 1 in Crossbows
  1544 | D:2      | Reached skill level 1 in Stealth
  1544 | D:2      | Reached skill level 1 in Shields
  1544 | D:2      | Reached skill level 1 in Unarmed Combat
  1544 | D:2      | Reached skill level 1 in Evocations
  1544 | D:2      | Reached XP level 4. HP: 11/38 MP: 7/11
  1828 | D:2      | Reached skill level 1 in Conjurations
  1828 | D:2      | Reached skill level 1 in Hexes
  1828 | D:2      | Reached skill level 1 in Summonings
  1828 | D:2      | Reached skill level 1 in Necromancy
  1828 | D:2      | Reached skill level 1 in Transmutations
  1828 | D:2      | Reached skill level 1 in Fire Magic
  1828 | D:2      | Reached skill level 1 in Ice Magic
  1828 | D:2      | Reached skill level 1 in Air Magic
  1828 | D:2      | Reached skill level 1 in Earth Magic
  1828 | D:2      | Reached skill level 1 in Poison Magic
  1992 | D:2      | Noticed Natasha
  2003 | D:2      | Killed Natasha
  2004 | D:2      | Reached XP level 5. HP: 41/43 MP: 6/12
  2090 | D:2      | Found a white marble altar of Elyvilon.
  2879 | D:3      | Noticed a necrophage
  2890 | D:3      | Killed a necrophage
  2891 | D:3      | Reached XP level 6. HP: 42/50 MP: 13/13
  3509 | D:4      | Reached skill level 5 in Fighting
  3509 | D:4      | Reached skill level 5 in Axes
  3509 | D:4      | Reached skill level 5 in Dodging
  3536 | D:4      | Noticed Robin
  3544 | D:4      | Killed Robin
  3881 | D:4      | Reached XP level 7. HP: 56/56 MP: 15/15
  3955 | D:4      | Noticed Ijyb
  3967 | D:4      | Killed Ijyb
  4288 | D:5      | Entered Level 5 of the Dungeon
  4306 | D:5      | Noticed Eustachio
  4343 | D:5      | Killed Eustachio
  4752 | D:5      | Found Tudal's Jewellery Boutique.
  4883 | D:5      | Found the cursed +14 obsidian axe {vorpal, +Fly SInv
                  | *Curse}
  4930 | D:5      | Found an ancient bone altar of Kikubaaqudgha.
  4930 | D:5      | Found an opulent altar of Gozag.
  5167 | D:6      | Reached skill level 6 in Translocations
  5167 | D:6      | Reached XP level 8. HP: 63/63 MP: 9/16
  5177 | D:6      | HP: 1/63 [poisoned by a gnoll]
  5177 | D:6      | Slain by a gnoll sergeant

Illustrated notes

Levels and vault maps discovered:
D:1:      dpeg_arrival_renting, layout_basic, serial_corexii_hall,
          corexii_hall_statues_l, corexii_hall_statues_x,
          chequers_hall_statues_y, chequers_hall_statues_y, minmay_pentomino_w2
D:2:      layout_loops_ring, general_overflow_altar, uniq_natasha
D:3:      layout_basic, lemuel_flame_loot_1
D:4:      layout_loops_cross, uniq_robin, uniq_ijyb
D:5:      layout_loops_ring, amethyst_overflow_temple_binary, serial_shops,
          shop, uniq_eustachio
D:6:      layout_cave_pools, kennysheep_mini, minmay_temple_entry_antechambers,
          chequers_serial_rivers_room_b, uniq_maggie

Skill      XL: |  1  2  3  4  5  6  7  8 |
---------------+-------------------------+-----
Spellcasting   | 5 |  5.9
Invocations    | 1 2 3 |  3.3
Short Blades   | 1 2 3 |  3.0
Long Blades    | 1 2 3 |  3.0
Maces & Flails | 1 2 3 |  3.0
Polearms       | 1 2 3 |  3.0
Staves         | 1 2 3 |  3.0
Slings         | 1 2 3 |  3.0
Bows           | 1 2 3 |  3.0
Crossbows      | 1 2 3 |  3.0
Stealth        | 1 2 3 |  3.0
Shields        | 1 2 3 |  3.0
Unarmed Combat | 1 2 3 |  3.0
Evocations     | 1 2 3 |  3.0
Conjurations   | 1 2 |  2.4
Hexes          | 1 2 |  2.4
Summonings     | 1 2 |  2.4
Necromancy     | 1 2 |  2.4
Transmutations | 1 2 |  2.4
Fire Magic     | 1 2 |  2.4
Ice Magic      | 1 2 |  2.4
Air Magic      | 1 2 |  2.4
Earth Magic    | 1 2 |  2.4
Poison Magic   | 1 2 |  2.4
Throwing       | 3 4 |  4.0
Armour         | 3 4 |  4.0
Fighting       | 5 |  5.5
Axes           | 5 |  5.5
Dodging        | 5 |  5.5
Translocations | 6 |  6.0

Action                   |  1- 3 |  4- 6 |  7- 9 || total
-------------------------+-------+-------+-------++-------
Melee: Hand axe          |   116 |    76 |       ||   192
       Bite              |    11 |    11 |    12 ||    34
       War axe           |       |    69 |    44 ||   113
       Punch             |       |     1 |       ||     1
       Dagger            |       |       |     5 ||     5
       Broad axe         |       |       |    13 ||    13
 Fire: Hunting sling     |       |       |    41 ||    41
Throw: Stone             |     2 |    22 |       ||    24
       Dart              |       |       |     1 ||     1
 Cast: Gell's Gravitas   |     2 |    11 |     9 ||    22
  Use: Scroll            |     2 |     3 |       ||     5
       Potion            |     1 |     1 |       ||     2
 Stab: Sleeping          |     1 |     1 |       ||     2
Armor: Leather armour    |    25 |    22 |       ||    47
       Ring mail         |       |     9 |    33 ||    42
Dodge: Dodged            |    94 |   148 |   113 ||   355
